Map: Prion Terraces

Players

LilDicky - Winner!

  • Race: Terran Terran
  • League: Diamond

SayNoToStim

  • Race: Protoss Protoss
  • League: Diamond

VOD

http://www.twitch.tv/tumescentpie

Description

Time

  • Played on: Nov. 22, 2015, 10:34 p.m.
  • Length: 11:35
Show
View Real Time Build Order
Export as new Build Order

LilDicky Terran - Winner!

Build Orders:  

Get SALT Encoding   

  12  0:01  SCV  
  13  0:13  SCV  
  14  0:18  Supply Depot  
  14  0:26  SCV  
  15  0:30  Refinery  
  15  0:40  SCV  
  16  0:46  Barracks  
  16  0:52  SCV  
  17  1:04  SCV  
  18  1:16  SCV  
  19  1:32  SCV  
  20  1:36  Supply Depot, Marine  
  21  1:44  Factory  
  21  1:45  Orbital Command  
  21  1:56  Marine  
  22  2:06  Barracks  
  22  2:10  Barracks  
  22  2:14  SCV  
  23  2:18  Barracks Reactor  
  23  2:27  SCV  
  24  2:31  Supply Depot  
  24  2:39  SCV  
  26  2:53  Refinery  
  26  2:54  Barracks Tech Lab  
  26  2:56  Marine  
  26  2:57  Barracks Reactor  
  26  2:58  SCV  
  27  2:59  Widow Mine  
  28  3:10  SCV  
  28  3:11  Supply Depot  
  29  3:17  Stimpack, Marauder  
  29  3:18  Marine x2  
  33  3:22  SCV  
  34  3:30  Widow Mine  
  36  3:34  SCV  
  37  3:42  Marine  
  37  3:43  Marauder, Marine  
  37  3:44  Marine x2  
  37  3:46  SCV  
  44  3:50  Engineering Bay  
  44  3:54  Supply Depot  
  44  4:00  Marine  
  43  4:04  Marauder  
  43  4:14  Marine  
  44  4:21  Missile Turret  
  44  4:25  Marauder  
  44  4:26  Starport  
  44  4:27  Marine  
  44  4:29  Marine x2  
  49  4:33  Supply Depot  
  49  4:46  SCV  
  50  4:53  Supply Depot  
  50  4:54  Marauder  
  50  4:55  Marine x2  
  50  4:57  Marine  
  55  5:01  Widow Mine  
  57  5:07  Medivac  
  57  5:10  Marine  
  57  5:13  Marine  
  61  5:17  Concussive Shells  
  61  5:35  Widow Mine  
  59  5:48  Marine x3  
  59  5:49  Medivac  
  52  6:05  Marine x2  
  49  6:11  SCV  
  49  6:18  Widow Mine  
  52  6:21  Marine x2  
  52  6:24  Marine, Marauder  
  57  6:25  SCV  
  57  6:26  Command Center  
  57  6:45  Marauder  
  55  6:58  Marine x2  
  55  7:00  Starport Tech Lab  
  56  7:04  SCV  
  56  7:06  Marauder  
  56  7:07  Marine  
  58  7:20  Marine x2  
  58  7:28  Marauder  
  60  7:36  Banshee  
  61  7:49  Marauder  
  63  7:52  Marine x2  
  65  8:00  Marine x2  
  64  8:10  Marauder, Marine  
  66  8:14  Marine  
  66  8:18  Marine  
  62  8:32  Marauder  
  64  8:37  Banshee, Cloaking Field  
  58  8:50  SCV  
  58  8:52  Orbital Command  
  59  8:59  Supply Depot  
  49  9:32  Marine x2  
  49  9:33  Marauder  
  49  9:34  Banshee  
  56  9:54  Marauder  
  58  10:05  Marine x2  
  47  10:17  Banshee, Marine x3  
  47  10:18  SCV x2  
  52  10:30  SCV x2  
  52  10:32  Widow Mine  
  58  10:36  Marauder  
  59  10:52  Orbital Command  
  59  10:55  Refinery  
  59  10:57  Refinery  
  58  10:58  Refinery  
  58  10:59  Marine  
  58  11:00  Marauder, Medivac, Marine  
  58  11:02  Refinery  
  62  11:11  Marine x2  
Show
View Real Time Build Order
Export as new Build Order

SayNoToStim Protoss 

Build Orders: Oracle Opening 

Get SALT Encoding   

  12  0:01  Probe (Chrono Boost)  
  13  0:12  Probe (Chrono Boost)  
  14  0:19  Pylon  
  14  0:23  Probe (Chrono Boost)  
  15  0:37  Probe (Chrono Boost)  
  15  0:42  Gateway  
  16  0:48  Probe (Chrono Boost)  
  17  0:50  Assimilator  
  17  0:54  Assimilator  
  17  0:58  Probe (Chrono Boost)  
  18  1:09  Probe (Chrono Boost)  
  19  1:19  Pylon  
  19  1:21  Probe (Chrono Boost)  
  20  1:32  Probe (Chrono Boost)  
  21  1:33  Cybernetics Core  
  21  1:42  Probe (Chrono Boost)  
  22  1:53  Probe (Chrono Boost)  
  23  2:03  Probe (Chrono Boost)  
  24  2:09  Adept (Chrono Boost)  
  24  2:10  Warp Gate  
  24  2:14  Mothership Core  
  28  2:17  Pylon  
  28  2:32  Stargate  
  28  2:58  Nexus  
  28  3:05  Pylon  
  28  3:13  Adept (Chrono Boost)  
  28  3:15  Oracle (Chrono Boost)  
  33  3:20  Gateway  
  33  3:23  Gateway  
  33  3:24  Probe  
  34  3:36  Probe  
  33  3:50  Robotics Facility  
  33  4:00  Probe  
  34  4:12  Probe  
  35  4:23  Probe  
  35  4:24  Gateway, Probe  
  36  4:26  Gateway  
  36  4:29  Pylon  
  37  4:34  Probe  
  37  4:36  Probe  
  37  4:37  Observer (Chrono Boost)  
  40  4:44  Probe  
  40  4:48  Probe  
  40  4:51  Pylon  
  46  5:00  Immortal (Chrono Boost)  
  46  5:06  Probe  
  47  5:11  Pylon  
  47  5:13  Pylon  
  47  5:18  Probe  
  48  5:28  Probe  
  35  5:38  Sentry x3, Probe  
  35  5:39  Sentry  
  33  6:03  Zealot x3  
  39  6:11  Stalker  
  39  6:12  Immortal (Chrono Boost)  
  39  6:16  Probe  
  46  6:23  Zealot x3  
  52  6:38  Zealot  
  42  6:49  Zealot x2  
  42  6:50  Zealot  
  45  7:01  Warp Prism (Chrono Boost)  
  45  7:04  Probe x2  
  47  7:16  Probe  
  47  7:17  Probe  
  49  7:25  Zealot  
  49  7:27  Adept  
  49  7:29  Probe  
  53  7:36  Stalker  
  53  7:46  Adept x2  
  55  7:52  Adept  
  50  8:17  Pylon  
  48  8:27  Mothership Core (Chrono Boost)  
  48  8:35  Adept x2  
  48  8:48  Adept x3  
  46  8:49  Adept  
  50  9:11  Stalker x2  
  52  9:22  Stalker  
  40  9:46  Stalker  
  27  10:32  Probe (Chrono Boost)  
  28  10:45  Observer (Chrono Boost)  
  29  10:57  Probe  
  28  11:09  Probe  
  26  11:27  Stalker x3  
Tags
 
Add a new tag
Caveats
  • Supply blocks, unpowered buildings, or Contaminate may cause inaccurate times.
  • Supply counts are checked every 10 seconds.